 Dungeon Crawl Stone Soup version 0.31-a0-358-gac0dbeb3ab (webtiles) character file.

Game seed: 10647165106852780874

655 Shayle the Ruffian (level 7, -1/79 HPs)
             Began as a Gnoll Shapeshifter on July 25, 2023.
             Slain by a worm (6 damage)
             ... on level 5 of the Dungeon.
             The game lasted 00:10:02 (3309 turns).

Shayle the Ruffian (Gnoll Shapeshifter)             Turns: 3309, Time: 00:10:02

Health: -1/79      AC: 15    Str: 15    XL:     7   Next: 54%
Magic:  10/10      EV:  2    Int:  7    God:
Gold:   337        SH:  0    Dex: 14    Spells: 11/11 levels left

rFire   . . .        r - +2 hand axe (venom)
rCold   . . .        (no shield)
rNeg    . . .        f - melded +0 ring mail
rPois   +            (helmet currently unavailable)
rElec   .            (cloak currently unavailable)
rCorr   .            (gloves currently unavailable)
SInv    .            (boots currently unavailable)
Will    .....        d - amulet of regeneration
Stlth   ++           j - ring of poison resistance
HPRegen 1.13/turn    (no ring)
MPRegen 0.12/turn

%: no passive effects
@: tree-form, corroded
A: stationary, stasis, torment immunity, boosted hp, (fangs 1), strong nose,
distributed training
a: no special abilities


You were on level 5 of the Dungeon.
You were a tree.
You visited 1 branch of the dungeon, and saw 5 of its levels.

You collected 409 gold pieces.
You spent 72 gold pieces at shops.

Inventory:

Hand Weapons
 r - a +2 hand axe of venom (weapon)
Missiles
 h - 6 atropa-tipped darts
 n - 8 silver boomerangs
 y - a throwing net
Armour
 a - a +0 animal skin
 f - a +0 ring mail (melded)
 v - a +0 helmet
 B - a +2 robe of willpower
Jewellery
 d - an amulet of regeneration (around neck)
 j - a ring of poison resistance (left branch)
Talismans
 c - a beast talisman
Scrolls
 e - a scroll of enchant armour {unknown}
 g - a scroll of poison {unknown}
 i - 2 scrolls of revelation {unknown}
 k - 2 scrolls of fog {unknown}
 o - 2 scrolls of teleportation
 p - a scroll of noise
 q - 3 scrolls of blinking {unknown}
 u - a scroll of fear {unknown}
 A - a scroll of acquirement {unknown}
Potions
 b - a potion of lignification
 l - 2 potions of invisibility
 m - 2 potions of berserk rage
 s - 2 potions of heal wounds {unknown}
 t - a potion of haste {unknown}
 w - 2 potions of might {unknown}
 x - a potion of ambrosia {unknown}
 z - 2 potions of attraction {unknown}


   Skills:
 + Level 3.7 Fighting
 + Level 2.6 Short Blades
 + Level 2.6 Long Blades
 + Level 2.6 Axes
 + Level 2.6 Maces & Flails
 + Level 2.6 Polearms
 + Level 2.6 Staves
 + Level 2.6 Ranged Weapons
 + Level 2.6 Throwing
 + Level 2.6 Armour
 + Level 5.3 Dodging
 + Level 2.6 Stealth
 + Level 2.6 Shields
 + Level 7.1 Unarmed Combat
 + Level 2.6 Spellcasting
 + Level 2.1 Conjurations
 + Level 2.1 Hexes
 + Level 2.1 Summonings
 + Level 2.1 Necromancy
 + Level 2.1 Translocations
 + Level 2.1 Transmutations
 + Level 2.1 Fire Magic
 + Level 2.1 Ice Magic
 + Level 2.1 Air Magic
 + Level 2.1 Earth Magic
 + Level 2.1 Poison Magic
 + Level 2.9 Invocations
 + Level 2.6 Evocations
 + Level 6.9 Shapeshifting


You had 11 spell levels left.
You didn't know any spells.
Your spell library contained the following spells:

 Spells                   Type           Power      Damage    Failure   Level
 Sandblast                Erth           6%         2d5       16%         1
 Shock                    Conj/Air       12%        1d3       16%         1
 Blink                    Tloc           6%         N/A       22%         2
 Lesser Beckoning         Tloc           6%         N/A       22%         2
 Momentum Strike          Conj/Tloc      6%         3d8       22%         2
 Passwall                 Tmut/Erth      2%         N/A       22%         2
 Searing Ray              Conj           6%         2d4       22%         2
 Sublimation of Blood     Necr           3%         N/A       22%         2
 Wereblood                Tmut           3%         N/A       22%         2
 Gell's Gravitas          Tloc           3%         N/A       41%         3
 Stone Arrow              Conj/Erth      6%         3d7       41%         3
 Teleport Other           Tloc           3%         N/A       41%         3
 Petrify                  Tmut/Erth      3%         N/A       83%         4
 Sticky Flame             Conj/Fire      3%         2d3       83%         4
 Irradiate                Conj/Tmut      1%         3d12      99%         5
 Dispersal                Tloc           1%         N/A       100%        6


Dungeon Overview and Level Annotations

Branches:
Dungeon (5/15)
 Temple: D:4-7

Altars:
The Shining One

Shops:
D:2 ?


Innate Abilities, Weirdness & Mutations

You are a tree.
Your roots penetrate the ground, keeping you stationary.
You cannot be teleported.
You are immune to unholy pain and torment.
Your maximum health is greatly increased.
Your equipment is partially melded.
((You have very sharp teeth.))
Your uncanny sense of smell can sniff out nearby items.
Your experience applies equally to all skills.


Message History

Unknown command.
You hit the jelly.
Your hands burn!
You bite the jelly.
The jelly is heavily wounded.
You hit the dart slug.
The dart slug is poisoned.
The jelly hits you.
You are splashed with acid.
The dart slug misses you.
You barely miss the jelly.
The jelly is heavily wounded.
You completely miss the dart slug. The jelly hits you.
You are splashed with acid!
The dart slug bites you.
* * * LOW HITPOINT WARNING * * *
Unknown command.
Really quaff the potion of lignification?
Your transformation has ended.
You turn into a tree.
Your +0 ring mail melds into your body.
Your roots penetrate the ground.
You kill the dart slug!
The jelly hits you but does no damage.
Unknown command.
You hit the jelly but do no damage.
Your branches burn!
* * * LOW HITPOINT WARNING * * *
You punch the jelly!
The jelly is severely wounded.
You barely miss the worm. The jelly hits you but does no damage.
The worm bites you but does no damage.
Unknown command.
You hit the jelly but do no damage. The acid corrodes you!
Your branches burn!
* * * LOW HITPOINT WARNING * * *
The jelly is severely wounded.
You hit the worm but do no damage.
The worm is poisoned.
The jelly hits you.
* * * LOW HITPOINT WARNING * * *
The acid corrodes you!
You are splashed with acid!
* * * LOW HITPOINT WARNING * * *
The jelly hits you but does no damage.
You hit the jelly.
Your branches burn!
* * * LOW HITPOINT WARNING * * *
Your punch misses the jelly.
The jelly is severely wounded.
You hit the worm but do no damage.
The worm looks as sick as possible!
The worm bites you.
You die...

######## #......#
...#.####.#
.#.#.####.#####
...#.#........#
...#.#........#######.##
...#.#..................
...#.#..........♣J......
...#.####.#......w......
.....# #.#.............
.###### #.#.............
......# #.#.............
....#.# #.............
....# #....)........
....# ##.###########
#...#


You could see a worm (extremely poisoned) and a jelly.

Vanquished Creatures
  An ice beast (D:5)
  An ogre (D:5)
  A scorpion (D:5)
  A jelly (D:5)
  A hound (D:4)
  2 orc priests
  2 iguanas
  A sleepcap (D:5)
  2 orc wizards
  4 adders
  3 gnolls (D:4)
  A worm (D:3)
  3 dart slugs
  23 orcs
  10 ball pythons
  4 endoplasms
  2 giant cockroaches
  2 goblins
  8 hobgoblins
  2 quokkas
  3 bats
  3 frilled lizards
  4 kobolds
  3 rats
87 creatures vanquished.

Notes
Turn   | Place    | Note
-------+----------+-------------------------------------------
     0 | D:1      | Shayle the Gnoll Shapeshifter began the quest for the Orb.
     0 | D:1      | Reached XP level 1. HP: 17/17 MP: 1/1
   640 | D:1      | Reached XP level 2. HP: 23/23 MP: 2/2
   991 | D:2      | Reached XP level 3. HP: 28/28 MP: 3/3
  1097 | D:2      | Reached skill level 1 in Invocations
  1130 | D:2      | Reached skill level 1 in Short Blades
  1130 | D:2      | Reached skill level 1 in Long Blades
  1130 | D:2      | Reached skill level 1 in Axes
  1130 | D:2      | Reached skill level 1 in Maces & Flails
  1130 | D:2      | Reached skill level 1 in Polearms
  1130 | D:2      | Reached skill level 1 in Staves
  1130 | D:2      | Reached skill level 1 in Ranged Weapons
  1130 | D:2      | Reached skill level 1 in Throwing
  1130 | D:2      | Reached skill level 1 in Armour
  1130 | D:2      | Reached skill level 1 in Stealth
  1130 | D:2      | Reached skill level 1 in Shields
  1130 | D:2      | Reached skill level 1 in Spellcasting
  1130 | D:2      | Reached skill level 1 in Evocations
  1228 | D:2      | Found Liex's Magic Scroll Shop.
  1241 | D:2      | Bought a scroll of teleportation for 36 gold pieces
  1241 | D:2      | Bought a scroll of identify for 24 gold pieces
  1241 | D:2      | Bought a scroll of noise for 12 gold pieces
  1500 | D:3      | Reached XP level 4. HP: 26/34 MP: 5/5
  1780 | D:3      | Reached skill level 1 in Conjurations
  1780 | D:3      | Reached skill level 1 in Hexes
  1780 | D:3      | Reached skill level 1 in Summonings
  1780 | D:3      | Reached skill level 1 in Necromancy
  1780 | D:3      | Reached skill level 1 in Translocations
  1780 | D:3      | Reached skill level 1 in Transmutations
  1780 | D:3      | Reached skill level 1 in Fire Magic
  1780 | D:3      | Reached skill level 1 in Ice Magic
  1780 | D:3      | Reached skill level 1 in Air Magic
  1780 | D:3      | Reached skill level 1 in Earth Magic
  1780 | D:3      | Reached skill level 1 in Poison Magic
  2015 | D:3      | Found a glowing golden altar of the Shining One.
  2242 | D:4      | Reached XP level 5. HP: 39/40 MP: 5/7
  2286 | D:4      | Got Vehumet's Catalogue of Energy
  2528 | D:4      | Reached XP level 6. HP: 47/47 MP: 8/8
  2886 | D:4      | Reached skill level 5 in Dodging
  2981 | D:5      | Entered Level 5 of the Dungeon
  3128 | D:5      | Reached skill level 7 in Unarmed Combat
  3128 | D:5      | Reached XP level 7. HP: 24/52 MP: 10/10
  3309 | D:5      | Slain by a worm

Illustrated notes

Levels and vault maps discovered:
D:1:      ncdulo_halloftheorcs, layout_basic, serial_co_window_serial,
          co_window_corner_a, co_window_paths_b, co_window_paths_a,
          co_window_corner_a, co_window_corner_a, co_window_unsneaky_path_e,
          co_window_cross_2, co_window_2corner, co_window_unsneaky_path_b,
          co_window_broadway_b, due_unseen_surprise
D:2:      layout_rooms, serial_shops, nicolae_shop_crystal,
          minmay_shallow_snake_nest
D:3:      layout_basic, nicolae_tso_swordbearing_angel
D:4:      layout_basic, st_stairs_3
D:5:      layout_basic, temple_pool_b, grunt_ministairs_15

Skill      XL: |  1  2  3  4  5  6  7 |
---------------+----------------------+-----
Invocations    | 1 2 |  2.9
Short Blades   | 1 2 |  2.6
Long Blades    | 1 2 |  2.6
Axes           | 1 2 |  2.6
Maces & Flails | 1 2 |  2.6
Polearms       | 1 2 |  2.6
Staves         | 1 2 |  2.6
Ranged Weapons | 1 2 |  2.6
Throwing       | 1 2 |  2.6
Armour         | 1 2 |  2.6
Stealth        | 1 2 |  2.6
Shields        | 1 2 |  2.6
Spellcasting   | 1 2 |  2.6
Evocations     | 1 2 |  2.6
Conjurations   | 1 2 |  2.1
Hexes          | 1 2 |  2.1
Summonings     | 1 2 |  2.1
Necromancy     | 1 2 |  2.1
Translocations | 1 2 |  2.1
Transmutations | 1 2 |  2.1
Fire Magic     | 1 2 |  2.1
Ice Magic      | 1 2 |  2.1
Air Magic      | 1 2 |  2.1
Earth Magic    | 1 2 |  2.1
Poison Magic   | 1 2 |  2.1
Fighting       | 3 |  3.7
Dodging        | 5 |  5.3
Unarmed Combat | 7 |  7.1
Shapeshifting  | |  6.9

Action                     |  1- 3 |  4- 6 |  7- 9 || total
---------------------------+-------+-------+-------++-------
  Melee: Unarmed           |    44 |    33 |       ||    77
         Bite              |     5 |     8 |     4 ||    17
         Punch             |     3 |     2 |     3 ||     8
         Hand axe          |       |    80 |    24 ||   104
    Use: Scroll            |     2 |     1 |       ||     3
         Potion            |       |     1 |     1 ||     2
   Stab: Sleeping          |       |     1 |       ||     1
 Armour: Ring mail         |    15 |    18 |     5 ||    38
         Skin              |       |       |     4 ||     4
  Dodge: Dodged            |    23 |    70 |    11 ||   104

Table legend: (Time is in decaauts)
 A = Elapsed time spent in this place.
 B = Non-inter-level travel time spent in this place.
 C = Inter-level travel time spent in this place.
 D = Time resting spent in this place.
 E = Time spent auto-exploring this place.
 F = Levels seen in this place.
 G = Mean time per level.
                   A        B        C        D        E       F      G
               +--------+--------+--------+--------+--------+-----+--------+
         Total |   3320 |   3200 |    120 |    222 |   2198 |   5 |  664.0 |
       Dungeon |   3320 |   3200 |    120 |    222 |   2198 |   5 |  664.0 |
               +--------+--------+--------+--------+--------+-----+--------+

Top non-repeatable levels by time:
     D:1: 947 daAuts
     D:4: 763 daAuts
     D:3: 753 daAuts
     D:2: 521 daAuts
     D:5: 334 daAuts
